| TOP OF THE 1ST |
|
Lehigh Valley IronPigs batting - Pitching for Iowa Cubs : RHP Harry Poindexter
|
|
Pitching: RHP Harry Poindexter
|
|
|
Batting: RHB Mitch Boyd
|
0-0: Foul Ball, location: 2F 0-1: Swinging Strike 0-2: Ball 1-2: SINGLE (Groundball, 25, EV 68.8 MPH) (infield hit)
|
|
Batting: RHB Alberto Ramirez
|
0-0: Ball Mitch Boyd steals 2nd base 1-0: Ball 2-0: Foul Ball, location: 2F 2-1: Fly out, F8 (Flyball, 8RD, EV 108.1 MPH)
|
|
Batting: LHB Danny Hill
|
0-0: Ball 1-0: Swinging Strike 1-1: Ball 2-1: Foul Ball, location: 2F 2-2: Fly out, F4 (Line Drive, 4, EV 67.5 MPH) Lined into DP, 4-6 (Line Drive, 4, EV 69.4 MPH)
|
| Top of the 1st over - 0 runs, 1 hit, 0 errors, 0 left on base; Lehigh Valley 0 - Iowa 0 |
| BOTTOM OF THE 1ST |
|
Iowa Cubs batting - Pitching for Lehigh Valley IronPigs : LHP Phuck II
|
|
Pitching: LHP Phuck II
|
|
|
Batting: RHB Andy Wasierski
|
0-0: Ball 1-0: Ground out 5-3 (Groundball, 5S, EV 73.1 MPH)
|
|
Batting: RHB Brian Gargis
|
0-0: Ball 1-0: Ball 2-0: Foul Ball, location: 2F 2-1: Fly out, F6 (Popup, P, EV 83.1 MPH)
|
|
Batting: RHB Jason Ostrom
|
0-0: Ball 1-0: Swinging Strike 1-1: Ball 2-1: Ball 3-1: Base on Balls
|
|
Batting: RHB Adam O'Hare
|
0-0: Ball 1-0: Fly out, F9 (Flyball, 9S, EV 94.4 MPH)
|
| Bottom of the 1st over - 0 runs, 0 hits, 0 errors, 1 left on base; Lehigh Valley 0 - Iowa 0 |
| TOP OF THE 2ND |
|
Lehigh Valley IronPigs batting - Pitching for Iowa Cubs : RHP Harry Poindexter
|
|
Batting: RHB Raul de la Cruz
|
0-0: Foul Ball, location: 2F 0-1: Ball 1-1: Ground out 1-3 (Groundball, 34S, EV 74.4 MPH)
|
|
Batting: RHB Chris Pounds
|
0-0: Foul Ball, location: 2F 0-1: Ground out 4-3 (Groundball, 4, EV 80.6 MPH)
|
|
Batting: LHB Jose Carlos
|
0-0: Fly out, F9 (Flyball, 89S, EV 90.6 MPH)
|
| Top of the 2nd over - 0 runs, 0 hits, 0 errors, 0 left on base; Lehigh Valley 0 - Iowa 0 |
| BOTTOM OF THE 2ND |
|
Iowa Cubs batting - Pitching for Lehigh Valley IronPigs : LHP Phuck II
|
|
Batting: RHB Sung-hwan Jung
|
0-0: Called Strike 0-1: Swinging Strike 0-2: Hit by Pitch
|
|
Batting: RHB Pat Barton
|
0-0: Swinging Strike 0-1: Swinging Strike 0-2: Ball 1-2: Foul Ball, location: 2F 1-2: Foul Ball, location: 2F 1-2: Ball 2-2: Ball 3-2: Strikes out swinging
|
|
Batting: SHB Art Kent
|
0-0: Ball 1-0: Foul Ball, location: 2F 1-1: Ball 2-1: Grounds into double play, 1-4-3 (Groundball, P, EV 62.5 MPH)
|
| Bottom of the 2nd over - 0 runs, 0 hits, 0 errors, 0 left on base; Lehigh Valley 0 - Iowa 0 |
| TOP OF THE 3RD |
|
Lehigh Valley IronPigs batting - Pitching for Iowa Cubs : RHP Harry Poindexter
|
|
Batting: RHB Moritake Fukumoto
|
0-0: Ball 1-0: Ball 2-0: Fly out, F7 (Flyball, 7S, EV 90.0 MPH)
|
|
Batting: RHB Kyle Reilly
|
0-0: Called Strike 0-1: Swinging Strike 0-2: SOLO HOME RUN (Line Drive, 7D, EV 96.9 MPH), Distance : 381 ft
|
|
Batting: RHB Luis Arce
|
0-0: Ball 1-0: Ball 2-0: Ball 3-0: Called Strike 3-1: Fly out, F8 (Flyball, 8LS, EV 88.1 MPH)
|
|
Batting: RHB Mitch Boyd
|
0-0: Ball 1-0: Foul Ball, location: 2F 1-1: Fly out, F8 (Flyball, 8RM, EV 91.2 MPH)
|
| Top of the 3rd over - 1 run, 1 hit, 0 errors, 0 left on base; Lehigh Valley 1 - Iowa 0 |
| BOTTOM OF THE 3RD |
|
Iowa Cubs batting - Pitching for Lehigh Valley IronPigs : LHP Phuck II
|
|
Batting: RHB Adam Kelliher
|
0-0: Ball 1-0: DOUBLE (Line Drive, 5D, EV 96.9 MPH)
|
|
Batting: SHB Nick Chandler
|
0-0: Called Strike 0-1: Swinging Strike 0-2: Ball 1-2: Strikes out swinging
|
|
Batting: RHB Andy Wasierski
|
0-0: Called Strike 0-1: Swinging Strike 0-2: Ball 1-2: Foul Ball, location: 2F 1-2: Strikes out swinging
|
|
Batting: RHB Brian Gargis
|
0-0: Called Strike 0-1: Ball 1-1: Ball 2-1: Called Strike 2-2: Ball 3-2: Base on Balls
|
|
Batting: RHB Jason Ostrom
|
0-0: Foul Ball, location: 2F 0-1: Ball 1-1: Swinging Strike 1-2: Strikes out swinging
|
| Bottom of the 3rd over - 0 runs, 1 hit, 0 errors, 2 left on base; Lehigh Valley 1 - Iowa 0 |
| TOP OF THE 4TH |
|
Lehigh Valley IronPigs batting - Pitching for Iowa Cubs : RHP Harry Poindexter
|
|
Batting: RHB Alberto Ramirez
|
0-0: Ground out 4-3 (Groundball, 4, EV 97.5 MPH)
|
|
Batting: LHB Danny Hill
|
0-0: Swinging Strike 0-1: Called Strike 0-2: Strikes out swinging
|
|
Batting: RHB Raul de la Cruz
|
0-0: Called Strike 0-1: Called Strike 0-2: Ball 1-2: DOUBLE (Line Drive, 89M, EV 95.6 MPH)
|
|
Batting: RHB Chris Pounds
|
0-0: Ball 1-0: Called Strike 1-1: Swinging Strike 1-2: Ball 2-2: Ball 3-2: Fly out, F8 (Flyball, 8LXD, EV 101.2 MPH)
|
| Top of the 4th over - 0 runs, 1 hit, 0 errors, 1 left on base; Lehigh Valley 1 - Iowa 0 |
| BOTTOM OF THE 4TH |
|
Iowa Cubs batting - Pitching for Lehigh Valley IronPigs : LHP Phuck II
|
|
Batting: RHB Adam O'Hare
|
0-0: Ball 1-0: Called Strike 1-1: Ball 2-1: Swinging Strike 2-2: Foul Ball, location: 2F 2-2: Strikes out looking
|
|
Batting: RHB Sung-hwan Jung
|
0-0: Called Strike 0-1: Fly out, F5 (Line Drive, 5, EV 70.6 MPH)
|
|
Batting: RHB Pat Barton
|
0-0: Ball 1-0: Foul Ball, location: 2F 1-1: Foul Ball, location: 2F 1-2: Strikes out swinging
|
| Bottom of the 4th over - 0 runs, 0 hits, 0 errors, 0 left on base; Lehigh Valley 1 - Iowa 0 |
| TOP OF THE 5TH |
|
Lehigh Valley IronPigs batting - Pitching for Iowa Cubs : RHP Harry Poindexter
|
|
Batting: LHB Jose Carlos
|
0-0: Called Strike 0-1: Ball 1-1: Ground out 4-3 (Groundball, 4, EV 98.1 MPH)
|
|
Batting: RHB Moritake Fukumoto
|
0-0: Ball 1-0: Called Strike 1-1: SINGLE (Flyball, 4MD, EV 91.2 MPH)
|
|
Batting: RHB Kyle Reilly
|
0-0: SINGLE (Line Drive, 4M, EV 97.5 MPH) Moritake Fukumoto to second
|
|
Batting: RHB Luis Arce
|
0-0: Called Strike 0-1: Called Strike 0-2: Ball 1-2: Foul Ball, location: 2F 1-2: Ball 2-2: 3-RUN HOME RUN (Flyball, 7D, EV 96.9 MPH), Distance : 382 ft
|
|
Batting: RHB Mitch Boyd
|
0-0: Foul Ball, location: 2F 0-1: SINGLE (Line Drive, 4M, EV 98.8 MPH)
|
|
Batting: RHB Alberto Ramirez
|
0-0: Called Strike Mitch Boyd steals 2nd base (no throw) 0-1: Ball 1-1: Foul Ball, location: 2F 1-2: Foul Ball, location: 2F 1-2: SINGLE (Line Drive, 9S, EV 98.8 MPH) Mitch Boyd to third
|
|
Batting: LHB Danny Hill
|
0-0: Fielders Choice at 2nd, 4-6 (Groundball, 34D, EV 101.2 MPH) Mitch Boyd scores
|
|
Pitching: LHP Neal Brody
|
|
|
Batting: RHB Raul de la Cruz
|
0-0: Ball 1-0: Ball Danny Hill is caught stealing 2nd base 2-4
|
| Top of the 5th over - 4 runs, 5 hits, 0 errors, 0 left on base; Lehigh Valley 5 - Iowa 0 |
| BOTTOM OF THE 5TH |
|
Iowa Cubs batting - Pitching for Lehigh Valley IronPigs : LHP Phuck II
|
|
Batting: SHB Art Kent
|
0-0: Swinging Strike 0-1: Foul Ball, location: 2F 0-2: Ball 1-2: Ball 2-2: Ball 3-2: Foul Ball, location: 2F 3-2: Foul Ball, location: 2F 3-2: Ground out 6-3 (Groundball, P, EV 87.5 MPH)
|
|
Batting: RHB Adam Kelliher
|
0-0: Ball 1-0: Called Strike 1-1: Foul Ball, location: 2F 1-2: Ball 2-2: Ball 3-2: Foul Ball, location: 2F 3-2: Foul Ball, location: 2F 3-2: DOUBLE (Line Drive, 89D, EV 102.5 MPH)
|
|
Batting: SHB Nick Chandler
|
0-0: Ball 1-0: SINGLE (Line Drive, 4D, EV 104.4 MPH) Adam Kelliher to third
|
|
Batting: RHB Andy Wasierski
|
0-0: Called Strike 0-1: Swinging Strike 0-2: Ball 1-2: Foul Ball, location: 2F 1-2: Strikes out swinging
|
|
Batting: RHB Brian Gargis
|
0-0: Ball 1-0: Ball 2-0: Swinging Strike 2-1: Called Strike 2-2: Ball 3-2: Base on Balls Nick Chandler to second
|
|
Batting: RHB Jason Ostrom
|
0-0: Ball 1-0: Called Strike 1-1: GRAND SLAM HOME RUN (Flyball, 7D, EV 98.8 MPH), Distance : 368 ft
|
|
Batting: RHB Adam O'Hare
|
0-0: Called Strike 0-1: Foul Ball, location: 2F 0-2: Fly out, F9 (Flyball, 9, EV 84.4 MPH)
|
| Bottom of the 5th over - 4 runs, 3 hits, 0 errors, 0 left on base; Lehigh Valley 5 - Iowa 4 |
| TOP OF THE 6TH |
|
Lehigh Valley IronPigs batting - Pitching for Iowa Cubs : LHP Neal Brody
|
|
Batting: RHB Raul de la Cruz
|
0-0: Ball 1-0: Ball 2-0: Ball 3-0: Base on Balls
|
|
Batting: RHB Chris Pounds
|
0-0: Ball 1-0: Called Strike 1-1: Foul Ball, location: 2F 1-2: Ball 2-2: SINGLE (Line Drive, 3D, EV 93.8 MPH) Raul de la Cruz to second Runner from 2nd tries for 3rd, SAFE, throw by RF made to third
|
|
Batting: LHB Jose Carlos
|
0-0: Ball 1-0: Called Strike 1-1: Called Strike 1-2: Ball 2-2: Strikes out swinging
|
|
Batting: RHB Moritake Fukumoto
|
0-0: Foul Ball, location: 2F 0-1: Ball 1-1: Fly out, F8 (Flyball, 8RXD, EV 90.0 MPH) Runner from 3rd tags up, SCORES, no throw by CF
|
|
Batting: RHB Kyle Reilly
|
0-0: Ball 1-0: Foul Ball, location: 2F 1-1: Foul Ball, location: 2F 1-2: Ball 2-2: Ball 3-2: Strikes out swinging
|
| Top of the 6th over - 1 run, 1 hit, 0 errors, 1 left on base; Lehigh Valley 6 - Iowa 4 |
| BOTTOM OF THE 6TH |
|
Iowa Cubs batting - Pitching for Lehigh Valley IronPigs : LHP Phuck II
|
|
Batting: RHB Sung-hwan Jung
|
0-0: Called Strike 0-1: Ball 1-1: Called Strike 1-2: Strikes out swinging
|
|
Pitching: RHP Devon Blakeney
|
|
|
Batting: RHB Pat Barton
|
0-0: Ball 1-0: Foul Ball, location: 2F 1-1: Foul Ball, location: 2F 1-2: Ball 2-2: Ground out 6-3 (Groundball, 56, EV 100.0 MPH)
|
|
Batting: SHB Art Kent
|
0-0: Ball 1-0: Ball 2-0: Called Strike 2-1: Foul Ball, location: 2F 2-2: Ball 3-2: Foul Ball, location: 2F 3-2: Foul Ball, location: 2F 3-2: Fly out, F2 (Popup, 3SF, EV 83.1 MPH)
|
| Bottom of the 6th over - 0 runs, 0 hits, 0 errors, 0 left on base; Lehigh Valley 6 - Iowa 4 |
| TOP OF THE 7TH |
|
Lehigh Valley IronPigs batting - Pitching for Iowa Cubs : LHP Neal Brody
|
|
Pitching: RHP Rashid bin Ala'
|
|
|
Batting: RHB Luis Arce
|
0-0: Ball 1-0: Foul Ball, location: 2F 1-1: Foul Ball, location: 2F 1-2: Strikes out swinging
|
|
Batting: RHB Mitch Boyd
|
0-0: Ball 1-0: Ball 2-0: Called Strike 2-1: Ball 3-1: Base on Balls
|
|
Batting: RHB Alberto Ramirez
|
0-0: Called Strike 0-1: Ball 1-1: Swinging Strike 1-2: Ball 2-2: Strikes out swinging
|
|
Batting: LHB Danny Hill
|
0-0: Ball Mitch Boyd steals 2nd base 1-0: Ball 2-0: Foul Ball, location: 2F 2-1: Swinging Strike 2-2: Foul Ball, location: 2F 2-2: Fly out, F8 (Flyball, 8RXD, EV 97.5 MPH)
|
| Top of the 7th over - 0 runs, 0 hits, 0 errors, 1 left on base; Lehigh Valley 6 - Iowa 4 |
| BOTTOM OF THE 7TH |
|
Iowa Cubs batting - Pitching for Lehigh Valley IronPigs : RHP Devon Blakeney
|
|
Batting: RHB Adam Kelliher
|
0-0: Ball 1-0: Called Strike 1-1: Called Strike 1-2: Strikes out swinging
|
|
Batting: SHB Nick Chandler
|
0-0: Ball 1-0: Ball 2-0: SINGLE (Flyball, 89S, EV 97.5 MPH)
|
|
Batting: RHB Andy Wasierski
|
0-0: Ball 1-0: Called Strike 1-1: Foul Ball, location: 2F 1-2: DOUBLE (Line Drive, 7LS, EV 96.2 MPH) Nick Chandler to third Runner from 3rd tries for Home, SAFE, throw by LF to home
|
|
Batting: RHB Brian Gargis
|
0-0: Foul Ball, location: 2F 0-1: Ball 1-1: Swinging Strike 1-2: Ball 2-2: Foul Ball, location: 2F 2-2: Foul Ball, location: 2F 2-2: Strikes out looking
|
|
Batting: RHB Jason Ostrom
|
0-0: Ball 1-0: DOUBLE (Line Drive, 7LS, EV 115.6 MPH) Andy Wasierski scores
|
|
Batting: RHB Adam O'Hare
|
0-0: Called Strike 0-1: Ball 1-1: Ball 2-1: Ball 3-1: Base on Balls
|
|
Batting: RHB Sung-hwan Jung
|
0-0: Called Strike 0-1: Called Strike 0-2: Ball 1-2: Fly out, F8 (Flyball, 78S, EV 83.8 MPH)
|
| Bottom of the 7th over - 2 runs, 3 hits, 0 errors, 2 left on base; Lehigh Valley 6 - Iowa 6 |
| TOP OF THE 8TH |
|
Lehigh Valley IronPigs batting - Pitching for Iowa Cubs : RHP Rashid bin Ala'
|
|
Batting: RHB Raul de la Cruz
|
0-0: Called Strike 0-1: Ball 1-1: Swinging Strike 1-2: Foul Ball, location: 2F 1-2: DOUBLE (Flyball, 8LXD, EV 94.4 MPH)
|
|
Batting: RHB Chris Pounds
|
0-0: Called Strike 0-1: Fly out, F7 (Flyball, 7S, EV 85.0 MPH)
|
|
Batting: LHB Jose Carlos
|
0-0: Intentional Walk
|
|
Batting: RHB Moritake Fukumoto
|
0-0: Called Strike 0-1: Called Strike 0-2: Foul Ball, location: 2F 0-2: Ball 1-2: Ball 2-2: Fly out, F7 (Flyball, 78S, EV 81.2 MPH)
|
|
Batting: RHB Kyle Reilly
|
0-0: Foul Ball, location: 2F 0-1: Foul Ball, location: 2F 0-2: Ball 1-2: SINGLE (Groundball, 56D, EV 105.0 MPH) Raul de la Cruz to third Jose Carlos to second Throwing error, E7 Raul de la Cruz scores Jose Carlos to third Kyle Reilly to second
|
|
Batting: RHB Luis Arce
|
0-0: Foul Ball, location: 2F 0-1: Ball 1-1: 3-RUN HOME RUN (Flyball, 7D, EV 99.4 MPH), Distance : 364 ft
|
|
Pitching: RHP Chris Allen
|
|
|
Batting: RHB Mitch Boyd
|
0-0: Ball 1-0: Foul Ball, location: 2F 1-1: SINGLE (Groundball, 56D, EV 95.0 MPH)
|
|
Batting: RHB Alberto Ramirez
|
0-0: Called Strike Mitch Boyd steals 2nd base 0-1: Ball 1-1: SINGLE (Groundball, 6D, EV 101.9 MPH) Mitch Boyd to third Runner from 3rd tries for Home, SAFE, throw by CF to home Alberto Ramirez to second
|
|
Batting: LHB Danny Hill
|
0-0: Ball 1-0: Fly out, F8 (Flyball, 89D, EV 90.6 MPH)
|
| Top of the 8th over - 5 runs, 5 hits, 1 error, 1 left on base; Lehigh Valley 11 - Iowa 6 |
| BOTTOM OF THE 8TH |
|
Iowa Cubs batting - Pitching for Lehigh Valley IronPigs : RHP Devon Blakeney
|
|
Batting: RHB Pat Barton
|
0-0: Called Strike 0-1: Foul Ball, location: 2F 0-2: Ball 1-2: Ground out 6-3 (Groundball, 6, EV 101.2 MPH)
|
|
Batting: SHB Art Kent
|
0-0: Ball 1-0: Ball 2-0: Called Strike 2-1: Swinging Strike 2-2: DOUBLE (Flyball, 8LXD, EV 99.4 MPH)
|
|
Batting: RHB Adam Kelliher
|
0-0: Ball 1-0: Ball 2-0: Ball 3-0: Called Strike 3-1: Fly out, F9 (Line Drive, 9S, EV 100.6 MPH)
|
|
Pitching: RHP David LaBounty
|
|
|
Batting: SHB Nick Chandler
|
0-0: Ball 1-0: Ground out 6-3 (Groundball, 6, EV 99.4 MPH)
|
| Bottom of the 8th over - 0 runs, 1 hit, 0 errors, 1 left on base; Lehigh Valley 11 - Iowa 6 |
| TOP OF THE 9TH |
|
Lehigh Valley IronPigs batting - Pitching for Iowa Cubs : RHP Chris Allen
|
|
Batting: RHB Raul de la Cruz
|
0-0: Ball 1-0: Ball 2-0: Ball 3-0: Called Strike 3-1: Swinging Strike 3-2: Strikes out looking
|
|
Batting: RHB Chris Pounds
|
0-0: Called Strike 0-1: Ball 1-1: Ball 2-1: Foul Ball, location: 2F 2-2: Strikes out swinging
|
|
Batting: LHB Jose Carlos
|
0-0: Ball 1-0: Foul Ball, location: 2F 1-1: Foul Ball, location: 2F 1-2: Ground out 2-3 (Groundball, 13S, EV 63.8 MPH)
|
| Top of the 9th over - 0 runs, 0 hits, 0 errors, 0 left on base; Lehigh Valley 11 - Iowa 6 |
| BOTTOM OF THE 9TH |
|
Iowa Cubs batting - Pitching for Lehigh Valley IronPigs : RHP David LaBounty
|
|
Batting: RHB Andy Wasierski
|
0-0: Called Strike 0-1: Fly out, F3 (Popup, 23F, EV 95.6 MPH)
|
|
Batting: RHB Brian Gargis
|
0-0: Ball 1-0: Swinging Strike 1-1: Ball 2-1: Ball 3-1: Fly out, F8 (Flyball, 89M, EV 78.1 MPH)
|
|
Batting: RHB Jason Ostrom
|
0-0: Ball 1-0: Ball 2-0: Foul Ball, location: 2F 2-1: Swinging Strike 2-2: Ball 3-2: Strikes out swinging
|
| Bottom of the 9th over - 0 runs, 0 hits, 0 errors, 0 left on base; Lehigh Valley 11 - Iowa 6 |
|